Map: Automaton LE

Players

Piroxiljin

  • Race: Terran Terran
  • Spawn Location: 9:00

A.I. 1 (Hard) - Winner!

  • Race: Terran Terran
  • Spawn Location: 3:00

VOD

Have the link to the VOD?

Description

Time

  • Played on: Jan. 19, 2019, 7:28 a.m.
  • Length: 13:47
Show
View Real Time Build Order
Export as new Build Order

Piroxiljin Terran 

Build Orders:  

Get SALT Encoding   

  12  0:01  SCV  
  13  0:14  SCV  
  13  0:19  Supply Depot  
  14  0:27  SCV  
  15  0:36  Refinery  
  15  0:40  SCV  
  16  0:51  Barracks  
  16  0:55  SCV  
  17  1:07  SCV  
  18  1:18  Barracks  
  18  1:19  SCV  
  19  1:31  SCV  
  20  1:39  Barracks Reactor  
  20  1:44  Supply Depot  
  20  1:51  Orbital Command  
  20  2:12  Supply Depot  
  20  2:22  Marine x2  
  22  2:28  Barracks Tech Lab  
  22  2:40  Command Center  
  22  2:53  Bunker  
  22  2:55  Marine x2  
  24  3:02  Marauder  
  24  3:04  Concussive Shells  
  26  3:08  SCV  
  27  3:18  Refinery  
  27  3:20  SCV  
  28  3:32  SCV  
  29  3:38  Bunker  
  29  3:43  Marine x2  
  31  4:08  SCV  
  32  4:20  SCV  
  32  4:21  Engineering Bay  
  33  4:31  SCV  
  34  4:32  SCV  
  35  4:40  Bunker  
  35  4:43  SCV  
  35  4:44  Marauder  
  38  4:45  Marine x2  
  38  4:49  Terran Infantry Weapons Level 1  
  40  4:58  SCV, Engineering Bay  
  41  5:04  Orbital Command  
  41  5:05  Marauder  
  43  5:21  Bunker  
  43  5:22  Marine  
  43  5:23  Marine  
  43  5:24  Combat Shield  
  43  5:27  Marauder  
  47  5:31  Terran Infantry Armor Level 1  
  47  5:36  Factory  
  47  5:45  Supply Depot  
  47  5:48  Refinery  
  47  5:49  Marauder  
  49  5:50  SCV  
  49  5:53  Refinery  
  50  6:00  Marine  
  50  6:01  Marine  
  50  6:02  SCV  
  53  6:05  SCV  
  53  6:07  Supply Depot  
  54  6:17  SCV  
  55  6:19  Barracks  
  55  6:30  Supply Depot  
  55  6:32  Factory  
  55  6:57  Siege Tank  
  58  7:04  Barracks Tech Lab  
  58  7:05  Bunker  
  58  7:10  Marine x2  
  60  7:20  Hi-Sec Auto Tracking  
  60  7:23  SCV  
  60  7:29  Siege Tank  
  64  7:36  SCV  
  65  7:46  Factory Tech Lab  
  65  7:59  Neosteel Armor  
  65  8:00  Factory  
  65  8:01  Cyclone  
  68  8:08  Widow Mine  
  70  8:29  Widow Mine  
  70  8:33  Cyclone  
  74  8:39  Bunker  
  74  8:50  Siege Tank  
  74  8:54  SCV  
  78  9:03  Command Center  
  78  9:19  SCV, Siege Tank  
  78  9:22  Cyclone  
  85  9:26  Supply Depot  
  85  9:30  Supply Depot  
  85  9:52  Siege Tank  
  88  10:08  Marauder, Marine  
  88  10:13  Widow Mine  
  93  10:24  Siege Tank  
  96  10:29  Marauder  
  98  10:50  Bunker  
  98  10:52  Marine x2  
  98  10:53  Marauder  
  98  10:56  Cyclone  
  105  11:15  Marauder  
  105  11:18  Factory Reactor  
  107  11:28  Cyclone  
  110  11:33  Cyclone  
  113  11:42  Armory  
  113  12:00  Siege Tank  
  105  12:05  Cyclone  
  71  12:30  Armory, Marine  
  71  12:31  Marine x2  
  71  12:32  Cyclone  
  63  12:38  Hellion  
  62  12:48  Marine  
  62  12:49  Marine  
  58  12:59  Hellion  
  58  13:04  Cyclone  
  42  13:20  Marine  
  42  13:21  Marine  
  42  13:25  Hellbat  
  42  13:26  Hellbat  
  37  13:28  Marine  
Show
View Real Time Build Order
Export as new Build Order

A.I. 1 (Hard) Terran - Winner!

Build Orders:  

Get SALT Encoding   

  12  0:00  SCV  
  13  0:13  SCV  
  14  0:19  Supply Depot  
  14  0:25  SCV  
  15  0:41  SCV  
  16  0:44  Barracks  
  16  0:51  Refinery  
  16  0:53  SCV  
  17  1:05  SCV  
  18  1:17  SCV  
  19  1:23  Supply Depot  
  19  1:29  SCV  
  19  1:32  Marine  
  21  1:43  Orbital Command  
  21  1:50  Marine  
  22  1:54  Factory  
  22  1:59  Supply Depot  
  22  2:08  Marine  
  23  2:22  SCV  
  24  2:25  Marine  
  25  2:30  Refinery  
  25  2:34  SCV  
  26  2:39  Supply Depot, Hellion  
  28  2:45  Barracks Tech Lab  
  28  2:46  SCV  
  29  2:51  Engineering Bay  
  29  2:58  SCV  
  30  3:00  Hellion  
  30  3:03  Marine  
  33  3:10  SCV  
  34  3:22  SCV, Hellion  
  37  3:56  Marauder  
  37  3:57  Stimpack, Barracks  
  37  3:59  Factory, Factory Tech Lab  
  37  4:01  Supply Depot  
  39  4:17  Marine  
  39  4:21  Siege Tank  
  43  4:26  Terran Infantry Weapons Level 1  
  43  4:43  Missile Turret, Factory Tech Lab  
  43  4:45  Barracks Tech Lab  
  43  4:48  Marauder  
  43  4:49  Missile Turret  
  45  5:03  Combat Shield  
  45  5:10  Bunker  
  45  5:11  Siege Tank  
  48  5:28  Barracks  
  48  5:30  Cyclone  
  48  5:32  Supply Depot  
  51  5:36  Command Center  
  51  6:12  Starport  
  51  6:31  Terran Infantry Armor Level 1  
  51  6:48  SCV  
  51  6:50  SCV  
  53  6:57  Refinery, Starport Tech Lab  
  53  6:58  Missile Turret  
  53  6:59  Missile Turret  
  53  7:00  SCV, Refinery  
  54  7:02  SCV  
  55  7:12  SCV  
  55  7:14  SCV  
  55  7:15  Raven  
  59  7:20  Bunker  
  59  7:24  SCV  
  59  7:26  SCV, Sensor Tower  
  61  7:36  SCV  
  62  7:37  Armory  
  62  7:46  Starport  
  62  7:52  Marine  
  62  7:57  Raven  
  62  7:58  Marine  
  65  8:04  Siege Tank  
  69  8:10  Siege Tank  
  72  8:13  Supply Depot  
  72  8:22  Starport Tech Lab  
  65  8:28  Marine  
  60  8:34  Marine  
  60  8:40  Medivac x2, Marine  
  66  8:46  Marine  
  67  8:52  Hellion  
  69  8:57  Hellion  
  71  9:05  SCV  
  71  9:06  SCV  
  73  9:10  Raven, Medivac  
  73  9:13  Supply Depot, Siege Tank  
  80  9:17  SCV  
  80  9:21  Siege Tank  
  84  9:32  Command Center  
  84  9:34  SCV  
  84  9:36  SCV  
  86  9:38  Supply Depot  
  86  9:45  Siege Tank  
  89  9:47  SCV  
  89  9:48  SCV  
  91  9:53  Siege Tank  
  94  10:00  SCV  
  94  10:01  SCV, Terran Infantry Weapons Level 2, Supply Depot  
  96  10:12  SCV  
  97  10:27  Engineering Bay, Terran Vehicle Weapons Level 1  
  97  10:44  SCV  
  97  10:45  SCV  
  97  10:47  SCV  
  100  10:52  Terran Infantry Armor Level 2  
  100  10:56  SCV  
  101  10:57  SCV  
  101  10:59  SCV  
  101  11:00  Missile Turret  
  101  11:03  Refinery, Barracks Reactor  
  103  11:06  Missile Turret  
  103  11:08  SCV  
  103  11:09  SCV  
  103  11:10  Ghost Academy  
  103  11:11  SCV  
  106  11:15  Refinery  
  106  11:18  Fusion Core  
  106  11:20  SCV, Marine  
  106  11:22  Marine  
  106  11:24  Supply Depot  
  109  11:38  Marine  
  109  11:39  Marine  
  111  11:40  Marine  
  111  11:41  Marine  
  113  11:51  Supply Depot  
  113  11:56  Marauder  
  113  11:57  Marine  
  113  11:58  Marine  
  113  11:59  Marine  
  101  12:14  Marine  
  100  12:16  Marauder  
  100  12:17  Marine x2  
  104  12:23  Supply Depot  
  104  12:32  Marine  
  104  12:34  Marine  
  104  12:35  Marine  
  103  12:37  Marauder  
  97  12:50  Marine  
  95  12:52  Marine x2  
  91  12:58  Marine  
  90  13:08  Marine  
  90  13:10  Marine x2  
  91  13:17  Marauder  
  89  13:26  Marine  
  88  13:28  Marine x2  
Tags
 
Matchup
TvT
Race
Terran
Spawn Locations
Cross Positions
Add a new tag
Caveats
  • Supply blocks, unpowered buildings, or Contaminate may cause inaccurate times.
  • Supply counts are checked every 10 seconds.